Map: Atrapasueños EJ

Players

VortiX - Winner!

  • Race: Zerg Zerg
  • Spawn Location: 5:00

Stephano

  • Race: Zerg Zerg
  • Spawn Location: 11:00

Event: WCS Valencia 2018

VOD

Have the link to the VOD?

Description

Time

  • Played on: July 12, 2018, 6:32 a.m.
  • Length: 7:22

All games in this series

Show
View Real Time Build Order
Export as new Build Order

VortiX Zerg - Winner!

Build Orders: Hatch First 

Get SALT Encoding   

  12  0:00  Drone  
  13  0:12  Overlord  
  13  0:16  Drone  
  14  0:31  Drone x2  
  16  0:50  Drone  
  16  0:51  Hatchery  
  16  0:54  Drone  
  17  1:04  Extractor  
  17  1:10  Spawning Pool  
  15  1:13  Drone  
  15  1:16  Drone  
  17  1:20  Drone  
  18  1:27  Drone  
  19  1:38  Overlord  
  19  1:51  Drone  
  20  1:56  Queen  
  20  2:00  Drone  
  23  2:02  Queen  
  23  2:03  Drone  
  23  2:07  Metabolic Boost  
  26  2:10  Drone  
  26  2:14  Drone  
  28  2:21  Drone  
  29  2:24  Zergling x2  
  30  2:38  Hatchery  
  30  2:42  Drone x2  
  31  2:47  Baneling Nest  
  31  2:51  Drone  
  31  2:52  Drone  
  31  2:57  Overlord  
  32  3:02  Zergling x2  
  32  3:04  Zergling x2  
  34  3:11  Zergling x2  
  34  3:12  Zergling x2  
  36  3:13  Overlord  
  36  3:18  Drone  
  36  3:19  Drone x2  
  39  3:20  Drone  
  39  3:25  Overlord  
  40  3:28  Drone  
  40  3:31  Baneling x2  
  41  3:36  Extractor  
  41  3:37  Drone x3  
  43  3:45  Drone x3  
  43  3:47  Drone x2  
  48  3:53  Evolution Chamber  
  47  3:57  Roach Warren  
  47  4:01  Drone x3  
  48  4:14  Zergling x2  
  48  4:15  Zergling x2  
  50  4:18  Zergling x4  
  50  4:19  Zergling x2  
  50  4:21  Overlord  
  50  4:22  Overlord  
  52  4:24  Baneling x2  
  52  4:28  Queen  
  54  4:37  Zergling x4  
  54  4:38  Zergling x2  
  57  4:57  Roach  
  57  4:58  Roach x5  
  64  5:02  Roach x5  
  64  5:03  Roach  
  64  5:06  Roach  
  74  5:08  Baneling x2  
  74  5:09  Baneling  
  74  5:11  Baneling  
  74  5:13  Roach  
  75  5:16  Overlord x2  
  75  5:21  Zergling x2  
  76  5:28  Zergling x4  
  78  5:38  Zergling x2  
  78  5:39  Zergling x20  
  89  5:48  Zergling x4  
  89  5:55  Zergling x2  
  89  5:56  Zergling x4  
  92  6:04  Zergling x2  
  92  6:07  Overlord x2  
  92  6:11  Zergling x12  
  93  6:16  Zergling x2  
  97  6:25  Zergling x6  
  94  6:26  Zergling x4  
  94  6:28  Zergling x2  
  92  6:39  Zergling x8  
  89  6:42  Zergling x8  
  89  6:43  Zergling x2  
  87  6:50  Roach x2  
  85  6:55  Roach  
  85  6:59  Roach  
  83  7:08  Drone x2  
Show
View Real Time Build Order
Export as new Build Order

Stephano Zerg 

Build Orders: Hatch First 

Get SALT Encoding   

  12  0:00  Drone  
  13  0:12  Overlord  
  13  0:17  Drone  
  14  0:31  Drone x2  
  16  0:48  Hatchery  
  15  0:51  Drone  
  15  0:54  Drone  
  17  0:58  Drone  
  18  1:08  Extractor  
  17  1:14  Spawning Pool  
  17  1:16  Drone  
  17  1:20  Drone  
  18  1:28  Drone  
  19  1:39  Drone  
  20  1:50  Drone  
  21  2:00  Queen x2  
  25  2:02  Overlord  
  25  2:04  Zergling x2  
  26  2:11  Drone x2  
  26  2:13  Metabolic Boost  
  28  2:23  Drone x2  
  30  2:34  Hatchery  
  29  2:41  Queen  
  31  2:46  Overlord  
  31  2:49  Drone  
  32  2:52  Drone  
  33  2:59  Baneling Nest  
  33  3:00  Zergling x2  
  33  3:01  Zergling x2  
  33  3:02  Drone  
  35  3:06  Drone  
  35  3:07  Drone  
  35  3:10  Drone  
  38  3:15  Zergling x2  
  38  3:16  Drone  
  38  3:18  Overlord  
  40  3:22  Drone  
  40  3:24  Zergling x2  
  42  3:30  Zergling x4  
  44  3:39  Zergling x4  
  46  3:43  Baneling x2  
  46  3:46  Zergling x2  
  46  3:47  Zergling x4  
  48  3:49  Baneling x2  
  48  3:54  Drone x5  
  53  4:02  Drone x3  
  56  4:11  Drone  
  56  4:13  Drone  
  56  4:14  Overlord  
  56  4:16  Overlord  
  58  4:22  Extractor, Evolution Chamber  
  58  4:23  Extractor  
  54  4:28  Overlord  
  57  4:31  Drone x3  
  57  4:40  Zergling x6  
  57  4:41  Zergling x2  
  60  4:48  Drone x7  
  64  5:01  Drone x5  
  64  5:02  Drone  
  64  5:04  Zerg Missile Weapons Level 1  
  66  5:09  Zergling x6, Roach Warren  
  66  5:10  Baneling  
  66  5:11  Baneling  
  66  5:12  Lair  
  66  5:18  Drone x2  
  68  5:24  Drone x2  
  68  5:26  Overlord  
  68  5:28  Overlord  
  70  5:30  Baneling  
  70  5:39  Overlord  
  69  5:49  Roach x11  
  90  5:55  Roach x2  
  90  5:57  Zergling x6  
  91  6:00  Extractor  
  91  6:02  Roach  
  91  6:04  Zergling x2  
  94  6:11  Roach x5  
  94  6:14  Roach  
  94  6:16  Zergling x6  
  94  6:17  Spine Crawler  
  97  6:18  Spine Crawler  
  97  6:19  Spine Crawler  
  97  6:24  Roach  
  97  6:25  Roach x2  
  96  6:31  Roach x2  
  82  6:34  Roach  
  82  6:38  Spine Crawler  
  75  6:40  Roach  
  74  6:47  Roach x2  
  74  6:50  Roach  
  74  6:53  Roach  
  68  6:59  Roach x2  
Tags
 
Add a new tag
Caveats
  • Supply blocks, unpowered buildings, or Contaminate may cause inaccurate times.
  • Supply counts are checked every 10 seconds.